 Dungeon Crawl Stone Soup version 0.24.0-1-gfbc8707122 (webtiles) character file.

Game seed: 9763955329444547601, levelgen mode: deterministic

20407 Inarius the Severer (level 12, -2/81 (82) HPs)
             Began as a Minotaur Fighter on Oct 28, 2019.
             Was a Plaything of Xom.
             Slain by a yak (11 damage)
             ... led by a torpor snail
             ... on level 2 of the Lair of Beasts.
             The game lasted 00:23:52 (15060 turns).

Inarius the Severer (Minotaur Fighter)             Turns: 15060, Time: 00:23:52

HP:   -2/81 (82)    AC: 19    Str: 28    XL:     12   Next: 45%
MP:   16/16         EV: 13    Int:  9    God:    Xom [......]
Gold: 288           SH: 13    Dex: 12    Spells: 11/11 levels left

rFire    + . .     SeeInvis .   L - +3 hand axe (freeze)
rCold    + + .     Gourm    .   c - +0 shield
rNeg     + . .     Faith    .   C - +6 acid dragon scales "Niamn" {rF+ rCorr}
rPois    +         Spirit   .   (helmet restricted)
rElec    .         Reflect  .   E - +1 cloak {+Inv}
rCorr    +         Harm     .   (no gloves)
MR       .....                  B - +2 pair of boots
Stlth    +++.......             (no amulet)
HPRegen  0.23/turn              d - ring of protection from cold
MPRegen  0.15/turn              Q - ring of positive energy

@: no status effects
A: retaliatory headbutt, horns 2, talons 1, thin skeletal structure 1, clever 2,
cold resistance 1, frail 2, poison resistance, screaming 1, strong 1
a: Renounce Religion, Evoke Invisibility


You were on level 2 of the Lair of Beasts.
You worshipped Xom.
You were a very special plaything of Xom.
You were not hungry.

You visited 2 branches of the dungeon, and saw 13 of its levels.
You also visited: Ossuary.

You collected 1641 gold pieces.
You spent 1353 gold pieces at shops.

Inventory:

Hand Weapons
 a - a +0 war axe
 L - a +3 hand axe of freezing (weapon)
 N - a +1 morningstar of draining
Missiles
 o - 30 boomerangs (quivered)
 t - 7 javelins
Armour
 c - a +0 shield (worn)
 i - a +0 ring mail
 u - a +0 plate armour
 B - a +2 pair of boots (worn)
 C - the +6 acid dragon scales "Niamn" (worn) {rF+ rCorr}
   (You bought it in a shop on level 4 of the Dungeon)

   It protects you from fire.
   It provides partial protection from all sources of acid and corrosion.
 E - a +1 cloak of invisibility (worn)
 M - a +0 chain mail of magic resistance
Jewellery
 d - a ring of protection from cold (left hand)
 p - an uncursed ring of poison resistance
 O - an uncursed ring of fire
 Q - a ring of positive energy (right hand)
Wands
 k - a wand of iceblast (11)
 q - a wand of acid (1)
 v - a wand of disintegration (13)
 x - a wand of clouds (6)
 y - a wand of polymorph (30)
 G - a wand of paralysis (1)
 K - a wand of random effects (29)
Scrolls
 e - 7 scrolls of remove curse
 g - 2 scrolls of enchant armour
 h - 3 scrolls of fear
 j - 7 scrolls of teleportation
 m - a scroll of fog
 A - a scroll of immolation
 F - 3 scrolls of enchant weapon
 H - 4 scrolls of magic mapping
 I - 3 scrolls of identify
Potions
 b - 2 potions of mutation
 l - a potion of berserk rage
 n - 2 potions of agility
 r - 4 potions of heal wounds
 s - 2 potions of cancellation
 w - 7 potions of lignification
 z - 10 potions of curing
 D - a potion of ambrosia
 J - 3 potions of might
Comestibles
 f - 28 rations
 P - 4 chunks of flesh


   Skills:
 + Level 8.8 Fighting
 * Level 15.2(15.3) Axes
 - Level 0.5(10.2) Maces & Flails
 + Level 0.1 Throwing
 + Level 7.7 Armour
 + Level 6.0 Dodging
 + Level 4.5 Stealth
 + Level 10.2 Shields
 + Level 0.1 Unarmed Combat
 * Level 7.2 Evocations


You had 11 spell levels left.
You didn't know any spells.
Your spell library contained the following spells:

 Spells                   Type           Power        Failure   Level  Hunger
 Confusing Touch          Hex            #.....       65%         1    ##.....
 Flame Tongue             Conj/Fire      #....        65%         1    ##.....
 Magic Dart               Conj           #...         65%         1    ##.....
 Searing Ray              Conj           #.....       78%         2    ###....
 Throw Flame              Conj/Fire      #.....       78%         2    ###....
 Confuse                  Hex            #.......     95%         3    ####...
 Conjure Flame            Conj/Fire      #.......     95%         3    ####...
 Dazzling Spray           Conj/Hex       #.....       95%         3    ####...
 Gell's Gravitas          Tloc           #.........   95%         3    ####...
 Inner Flame              Hex/Fire       #.......     95%         3    ####...
 Force Lance              Conj/Tloc      #.......     100%        4    #####..
 Fulminant Prism          Conj/Hex       #.........   100%        4    #####..
 Ice Form                 Ice/Tmut       #.......     100%        4    #####..
 Iskenderun's Mystic Bla  Conj           #.......     100%        4    #####..
 Petrify                  Tmut/Erth      #.......     100%        4    #####..
 Sticky Flame             Conj/Fire      #.......     100%        4    #####..
 Fireball                 Conj/Fire      #.........   100%        5    ######.
 Metabolic Englaciation   Hex/Ice        #.........   100%        5    ######.
 Yara's Violent Unravell  Hex/Tmut       #.........   100%        5    ######.
 Bolt of Cold             Conj/Ice       #.........   100%        6    #######
 Freezing Cloud           Conj/Ice/Air   #.........   100%        6    #######
 Ozocubu's Refrigeration  Ice            #.........   100%        6    #######
 Simulacrum               Ice/Necr       #.........   100%        6    #######


Dungeon Overview and Level Annotations

Branches:
Dungeon (11/15)            Temple (0/1) D:7            Lair (2/6) D:10
    Orc (0/2) D:11        Ossuary (visited)
  Swamp: Lair:2-4    Shoals: Lair:2-4     Snake: Lair:2-4    Spider: Lair:2-4

Altars:
Cheibriados
Dithmenos
Fedhas
Kikubaaqudgha
Makhleb
Ru
Wu Jian
Xom
Yredelemnul
The Shining One
Beogh

Shops:
D:4 [   D:5 (   D:8 *   D:9 (?


Innate Abilities, Weirdness & Mutations

You reflexively headbutt those who attack you in melee.
You have a pair of horns on your head.
You have sharp toenails.
You have a somewhat thin skeletal structure. (Dex +2, Stealth)
Your mind is very acute. (Int +4)
Your flesh is cold resistant. (rC+)
You are very frail. (-20% HP)
Your system is resistant to poisons. (rPois)
You occasionally shout uncontrollably at your foes.
Your muscles are strong. (Str +2)


Message History

You closely miss the deep troll.
The deep troll is severely wounded.
You hit the yak but do no damage. The deep troll bites you!
* * * LOW HITPOINT WARNING * * *
The deep troll claws you but does no damage.
You block the deep troll's attack.
Unknown command.
You hit the deep troll but do no damage.
The deep troll is severely wounded.
You hit the yak. You freeze the yak. The yak closely misses you.
You furiously retaliate!
You headbutt the yak!
Unknown command.
You hit the deep troll but do no damage.
Your headbutt misses the deep troll.
The deep troll is severely wounded.
You hit the yak. You freeze the yak. The deep troll misses you.
You furiously retaliate!
You headbutt the deep troll. The deep troll claws you!
* * * LOW HITPOINT WARNING * * *
You block the deep troll's attack. The yak gores you!
You die...

.......÷...............
#.P.###..#.##.......>.....
#...........+.............
#.#..........(............
###.........................
#P..P.......................
#P.........................
#............#.............
#P...#.#..@Y##.............
.#.####.........TP..............
...........##########......#####
.......##### ######## .....##
...## .. ...♣♣♣♣♣♣ . ♣.......
♣♣♣♣♣♣♣.


You could see a deep troll and a yak.

Vanquished Creatures
  Snorg (D:11)
  3 hydras
  An unseen horror (D:11)
  An ugly thing (D:11)
  A cyclops (D:11)
  A manticore (D:11)
  A salamander (shapeshifter) (D:4)
  2 black mambas
  2 elephants (Lair:2)
  A gargoyle (D:10)
  4 spiny frogs
  2 komodo dragons
  A tyrant leech (D:9)
  2 trolls
  A jumping spider (D:10)
  A hornet (D:9)
  3 slime creatures (D:9)
  3 hippogriffs
  Sigmund (D:3)
  5 spriggans (Lair:2)
  A wraith (D:10)
  A human (D:8)
  3 wyverns
  10 yaks
  Grum (D:9)
  4 water moccasins
  5 orc warriors
  A hornet zombie (D:8)
  5 porcupines
  A black bear (Lair:1)
  An ice beast (D:6)
  A phantom (D:4)
  6 necrophages
  7 wolves
  2 ogres
  A centaur (D:6)
  4 crocodiles
  8 bullfrogs
  3 water moccasin zombies (Ossuary)
  8 wights
  A troll skeleton (D:9)
  An electric eel (D:10)
  A howler monkey (D:11)
  3 crimson imps
  2 quasits
  5 hounds
  5 jellies
  4 human zombies (D:9)
  7 orc priests
  2 centaur zombies
  A human skeleton (D:9)
  Ijyb (D:4)
  An iguana (D:11)
  Natasha (thrice) (D:2)
  6 orc wizards
  A killer bee zombie (D:8)
  8 worker ants
  An ogre zombie (D:9)
  3 big kobold zombies (Ossuary)
  2 hound skeletons
  4 mummies
  3 worker ant zombies
  Robin (D:4)
  23 adders
  3 shadow imps
  An ooze (D:4)
  An adder skeleton (D:9)
  8 adder zombies
  A worm (D:2)
  4 leopard geckos
  58 orcs
  8 giant cockroaches
  4 gnoll zombies
  14 goblins
  4 hobgoblins
  9 jackals
  5 quokkas
  3 ball pythons
  7 bats
  5 frilled lizards
  3 hobgoblin zombies (Ossuary)
  A jackal zombie (D:7)
  14 kobolds
  4 kobold zombies (Ossuary)
  5 orc zombies
  2 quokka zombies (D:8)
  6 rats
  A rat zombie (D:8)
  A plant (Lair:2)
371 creatures vanquished.

Vanquished Creatures (collateral kills)
  A komodo dragon (Lair:1)
  Duvessa (D:5)
  Dowan (D:5)
3 creatures vanquished.

Vanquished Creatures (others)
  A cyclops (D:11)
  A centaur skeleton (D:11)
  A big kobold (D:11)
3 creatures vanquished.

Grand Total: 377 creatures vanquished

Notes
Turn   | Place    | Note
-------+----------+-------------------------------------------
     0 | D:1      | Inarius the Minotaur Fighter began the quest for the Orb.
     0 | D:1      | Reached XP level 1. HP: 19/19 MP: 0/0
    82 | D:1      | Reached XP level 2. HP: 27/27 MP: 1/1
   477 | D:1      | Reached skill level 3 in Axes
   847 | D:2      | Noticed Natasha
   864 | D:2      | Killed Natasha
   864 | D:2      | Reached XP level 3. HP: 6/33 MP: 2/2
  1085 | D:2      | Reached skill level 4 in Axes
  1115 | D:2      | Noticed Natasha
  1134 | D:2      | Killed Natasha
  1134 | D:2      | Reached XP level 4. HP: 21/40 MP: 3/3
  1202 | D:2      | Noticed Natasha
  1223 | D:2      | Killed Natasha
  1469 | D:2      | Found a shadowy altar of Dithmenos.
  1575 | D:2      | Reached XP level 5. HP: 46/46 MP: 4/4
  1666 | D:2      | Reached skill level 1 in Dodging
  2406 | D:3      | Reached skill level 5 in Axes
  2445 | D:3      | Noticed Sigmund
  2837 | D:3      | Reached skill level 5 in Armour
  2841 | D:3      | Reached XP level 6. HP: 52/52 MP: 5/5
  3327 | D:3      | Found a sparkling altar of Nemelex Xobeh.
  3329 | D:3      | Found a shimmering altar of Xom.
  3329 | D:3      | Found a sparkling altar of Nemelex Xobeh.
  3331 | D:3      | Found a glowing golden altar of the Shining One.
  3331 | D:3      | Found a bloodstained altar of Trog.
  3331 | D:3      | Found a blossoming altar of Fedhas.
  3366 | D:3      | Became a worshipper of Xom of Chaos
  3461 | D:3      | XOM: potion effect (haste)
  3465 | D:3      | Killed Sigmund
  3465 | D:3      | Reached skill level 6 in Axes
  3519 | D:4      | Reached skill level 5 in Shields
  3570 | D:4      | Noticed Robin
  3615 | D:4      | XOM: mild Tloc miscast
  3616 | D:4      | Noticed a spatial vortex
  3828 | D:4      | Killed Robin
  3933 | D:4      | XOM is BORED!
  4064 | D:4      | Reached XP level 7. HP: 59/59 MP: 6/6
  4085 | D:4      | You fall into a shaft and drop 3 floors!
  4088 | D:7      | XOM: summons friendly shadow imp
  4133 | D:7      | Noticed a hippogriff
  4137 | D:7      | Killed a hippogriff
  4178 | D:5      | Entered Level 5 of the Dungeon
  4245 | D:5      | Reached skill level 7 in Axes
  4318 | D:5      | Found Xeong's Antique Weapon Emporium.
  4446 | D:5      | XOM: draining
  4499 | D:4      | XOM: medium Hex miscast
  4510 | D:4      | XOM: swap monsters
  4544 | D:4      | XOM: medium Hex miscast
  4545 | D:4      | Noticed Ijyb
  4550 | D:4      | Killed Ijyb
  4649 | D:4      | Noticed Purgy
  4649 | D:4      | XOM: god gift: glowing silvery potion {god gift}
  4656 | D:4      | XOM: enchant monster (good)
  4672 | D:4      | Noticed Purgy
  4672 | D:4      | Purgy changed into Purgy the shapeshifter
  4672 | D:4      | XOM: polymorph Purgy -> Purgy the shapeshifter
  4672 | D:4      | Noticed Purgy
  4672 | D:4      | Purgy the shapeshifter changed into Purgy the salamander
  4681 | D:4      | Killed Purgy the salamander
  4681 | D:4      | Reached skill level 8 in Axes
  4681 | D:4      | Reached skill level 1 in Evocations
  4681 | D:4      | Reached XP level 8. HP: 28/67 MP: 7/7
  4948 | D:4      | Found Raas's Antique Armour Shop.
  4963 | D:4      | Bought a pair of runed boots for 157 gold pieces
  5090 | D:4      | XOM: god gift: 37 gold pieces
  5132 | D:4      | XOM: scenery: 1 doors open
  5259 | D:5      | Noticed Edmund
  5260 | D:5      | Noticed Edmund
  5260 | D:5      | Edmund changed into Edmund the wolf
  5260 | D:5      | XOM: polymorph Edmund -> Edmund the wolf
  5280 | D:5      | Killed Edmund the wolf
  5286 | D:5      | XOM: give mutations
  5286 | D:5      | Gained mutation: Your mind is acute. (Int +2) [Xom's grace]
  5286 | D:5      | Gained mutation: You have a somewhat thin skeletal
                  | structure. (Dex +2, Stealth) [Xom's grace]
  5336 | D:5      | XOM: god gift: 780 gold pieces
  5409 | D:4      | Bought bloodstained acid dragon scales for 945 gold pieces
  5419 | D:4      | Identified the +6 acid dragon scales "Niamn" {rF+ rCorr}
                  | (You bought it in a shop on level 4 of the Dungeon)
  5587 | D:5      | Noticed Dowan
  5588 | D:5      | Noticed Duvessa
  5604 | D:5      | XOM: summons 8 friendly demons
  5605 | D:5      | Killed Dowan
  5607 | D:5      | Killed Duvessa
  5607 | D:5      | Reached skill level 5 in Fighting
  5786 | D:5      | Found a basalt altar of Yredelemnul.
  5839 | D:5      | XOM: god gift: 44 gold pieces
  5947 | D:6      | Reached skill level 9 in Axes
  6034 | D:6      | Found a snail-covered altar of Cheibriados.
  6058 | D:6      | XOM: cloud trail
  6162 | D:6      | Reached skill level 1 in Stealth
  6201 | D:6      | Found a burning altar of Makhleb.
  6202 | D:6      | XOM: god gift: runed cloak {god gift}
  6706 | D:7      | Found a staircase to the Ecumenical Temple.
  6706 | D:7      | XOM: 8-stop teleportation journey
  6745 | D:7      | Found a sacrificial altar of Ru.
  6970 | D:7      | XOM: give mutations
  6970 | D:7      | Gained mutation: Your flesh is cold resistant. (rC+) [Xom's
                  | grace]
  6970 | D:7      | Gained mutation: You have sharp toenails. [Xom's grace]
  7149 | D:8      | Found a sand-covered staircase.
  7169 | Ossuary  | Entered an ossuary
  7224 | Ossuary  | Reached XP level 9. HP: 67/74 MP: 9/9
  7226 | Ossuary  | XOM: enchant monster (good)
  7367 | D:8      | XOM: scenery: create altars
  7371 | D:8      | Reached skill level 10 in Axes
  7466 | D:8      | XOM: harmless Summ miscast
  7579 | D:8      | Found Coxothot's Assorted Antiques.
  7593 | D:8      | Bought a scroll of identify for 56 gold pieces
  7593 | D:8      | Bought a smoky ruby potion for 25 gold pieces
  7614 | D:8      | XOM: 2-stop teleportation journey
  7648 | D:8      | XOM: medium Conj miscast
  7689 | D:8      | XOM: divination: detect items
  7846 | D:8      | Reached skill level 11 in Axes
  7976 | D:8      | Noticed a komodo dragon
  7978 | D:8      | XOM: enchant monster (bad)
  7980 | D:8      | XOM: blink monster(s)
  7985 | D:8      | XOM: summons 6 friendly demons
  8000 | D:8      | XOM: harmless Conj miscast
  8008 | D:8      | Killed a komodo dragon
  8385 | D:8      | XOM: summons friendly crimson imp
  8473 | D:8      | Got a shimmering scale mail
  8474 | D:8      | Identified the cursed +1 scale mail of Beogh's Displeasure
                  | {Stlth+} (You found it on level 8 of the Dungeon)
  8507 | D:9      | Found Recean's Magic Scroll Shop.
  8551 | D:9      | Bought 2 scrolls of identify for 68 gold pieces
  8551 | D:9      | Bought a scroll of identify for 34 gold pieces
  8551 | D:9      | Bought a scroll of identify for 34 gold pieces
  8551 | D:9      | Bought a scroll of identify for 34 gold pieces
  8578 | D:9      | Noticed a troll
  8605 | D:9      | Killed a troll
  8605 | D:9      | Reached skill level 12 in Axes
  8605 | D:9      | Reached XP level 10. HP: 81/83 MP: 11/11
  8667 | D:9      | Found Giuch's Weapon Emporium.
  8672 | D:9      | XOM is BORED!
  8672 | D:9      | XOM: enchant monster (bad)
  8754 | D:9      | XOM: harmless Erth miscast
  8779 | D:9      | Noticed Grum
  8789 | D:9      | XOM: noise
  8797 | D:9      | Killed Grum
  9017 | D:9      | Found a glowing golden altar of the Shining One.
  9042 | D:9      | XOM: blink monster(s)
  9051 | D:9      | XOM: polymorph slime creature -> tyrant leech
  9056 | D:9      | XOM: butterfly on damage
  9296 | D:9      | XOM: blink monster(s)
  9305 | D:9      | Got a faintly glowing robe
  9386 | D:9      | Found a burning altar of Makhleb.
  9386 | D:9      | Found a faded altar of an unknown god.
  9391 | D:9      | Found a blossoming altar of Fedhas.
  9393 | D:9      | Found an ornate altar of the Wu Jian Council.
  9395 | D:9      | Found a faded altar of an unknown god.
  9511 | D:9      | XOM: give mutations
  9511 | D:9      | Gained mutation: You occasionally shout uncontrollably at
                  | your foes. [Xom's mischief]
  9511 | D:9      | Gained mutation: You are frail. (-10% HP) [Xom's mischief]
  9520 | D:9      | XOM: fog
  9540 | D:9      | XOM: cast spell 'Cause Fear'
  9636 | D:9      | Reached skill level 13 in Axes
  9663 | D:9      | XOM: mild Hex miscast
  9665 | D:9      | XOM: god gift: scroll of teleportation
  9686 | D:9      | XOM: harmless Erth miscast
  9697 | D:9      | Found an ancient bone altar of Kikubaaqudgha.
  9752 | D:10     | Entered Level 10 of the Dungeon
  9752 | D:10     | Noticed a gargoyle
  9759 | D:10     | XOM: potion effect (curing)
  9764 | D:10     | Killed a gargoyle
  9823 | D:10     | Noticed Urug
  9835 | D:10     | XOM: mild Conj miscast
  9891 | D:10     | Noticed Urug
  9891 | D:10     | Urug changed into Urug the yaktaur
  9893 | D:10     | Noticed Urug
  9893 | D:10     | Urug the yaktaur changed into Urug the jumping spider
  9897 | D:10     | Killed Urug the jumping spider
 10416 | D:10     | Found a staircase to the Lair.
 10431 | D:10     | XOM: harmless Necr miscast
 10467 | D:10     | XOM: harmless Air miscast
 10533 | D:10     | Reached XP level 11. HP: 63/80 MP: 13/13
 10606 | D:10     | XOM: divination: magic mapping
 10720 | D:10     | XOM: enchant monster (good)
 10851 | D:11     | Reached skill level 5 in Evocations
 10912 | D:11     | Noticed a five-headed hydra
 10920 | D:11     | Killed a six-headed hydra
 10920 | D:11     | Reached skill level 14 in Axes
 11079 | D:11     | XOM: divination: detect creatures
 11103 | D:11     | Noticed Snorg
 11107 | D:11     | XOM: cast spell 'Call Canine Familiar'
 11112 | D:11     | XOM: potion effect (might)
 11115 | D:11     | Killed Snorg
 11115 | D:11     | Reached skill level 5 in Dodging
 11301 | D:11     | Found a roughly hewn altar of Beogh.
 11301 | D:11     | Found a staircase to the Orcish Mines.
 11595 | D:11     | Noticed a red ugly thing
 11596 | D:11     | XOM: enchant monster (good)
 11603 | D:11     | Killed a red ugly thing
 11896 | D:11     | XOM: give mutations
 11896 | D:11     | Gained mutation: You are very frail. (-20% HP) [Xom's
                  | mischief]
 11896 | D:11     | Gained mutation: You are weak. (Str -2) [Xom's mischief]
 11896 | D:11     | Lost mutation: You have sharp toenails. [Xom's mischief]
 11902 | D:11     | XOM: 3-stop teleportation journey
 11915 | D:11     | XOM: divine lightning
 11985 | D:11     | XOM: 2-stop teleportation journey
 12167 | D:11     | Killed an unseen horror
 12492 | D:11     | XOM: noise
 12584 | D:11     | XOM: cloud trail
 12734 | Lair:1   | Entered Level 1 of the Lair of Beasts
 12743 | Lair:1   | Noticed a six-headed hydra
 12743 | Lair:1   | XOM: fog
 12747 | Lair:1   | Noticed a four-headed hydra
 12762 | Lair:1   | Killed a six-headed hydra
 12894 | D:10     | XOM: mild Tmut miscast
 12979 | D:10     | Killed a four-headed hydra
 13053 | Lair:1   | XOM: summons friendly iron imp
 13177 | Lair:1   | XOM: divination: magic mapping
 13182 | Lair:1   | Reached XP level 12. HP: 69/79 MP: 15/15
 13454 | Lair:1   | Noticed Joseph
 13458 | Lair:1   | XOM: mild Air miscast
 13460 | Lair:1   | Noticed Joseph
 13460 | Lair:1   | Joseph changed into Joseph the black bear
 13460 | Lair:1   | XOM: polymorph Joseph -> Joseph the black bear
 13466 | Lair:1   | Killed Joseph the black bear
 13466 | Lair:1   | Reached skill level 15 in Axes
 13624 | Lair:1   | XOM: scenery: create altars
 13626 | Lair:1   | XOM: stat loss: -1 Dex (11/12)
 13679 | Lair:1   | XOM: enchant monster (bad)
 14079 | Lair:1   | XOM: give mutations
 14079 | Lair:1   | Gained mutation: Your spells are a little harder to cast,
                  | but a little more powerful. [Xom's grace]
 14079 | Lair:1   | Gained mutation: Your mind is very acute. (Int +4) [Xom's
                  | grace]
 14079 | Lair:1   | Gained mutation: You have sharp toenails. [Xom's grace]
 14178 | Lair:1   | Lost mutation: Your spells are a little harder to cast, but
                  | a little more powerful. [potion of mutation]
 14178 | Lair:1   | Lost mutation: You are weak. (Str -2) [potion of mutation]
 14178 | Lair:1   | Gained mutation: Your muscles are strong. (Str +2) [potion
                  | of mutation]
 14178 | Lair:1   | Gained mutation: Your system is resistant to poisons.
                  | (rPois) [potion of mutation]
 14563 | Lair:2   | XOM: enchant monster (good)
 14567 | Lair:2   | XOM: god gift: papyrus book {god gift}
 14606 | Lair:2   | XOM: confuse monster(s)
 14612 | Lair:2   | Reached skill level 10 in Shields
 14683 | Lair:2   | XOM: harmless Air miscast
 14697 | Lair:2   | XOM: 2-stop teleportation journey
 14811 | Lair:2   | XOM: 3-stop teleportation journey
 14871 | Lair:2   | XOM: smoke on damage
 14939 | Lair:2   | XOM: enchant monster (good)
 15023 | Lair:2   | XOM: summons friendly white imp
 15043 | Lair:2   | XOM: polymorph torpor snail -> deep troll
 15049 | Lair:2   | XOM: swap monsters
 15060 | Lair:2   | Slain by a yak

Levels and vault maps discovered:
D:1:      nicolae_arrival_washed_ashore, layout_basic
D:2:      layout_loops_corners, nicolae_dithmenos_shadow_blocks, uniq_natasha
D:3:      layout_loops_cross, doesnt_xom_only_xom, chequers_arboretum,
          uniq_sigmund
D:4:      layout_gridville, serial_shops, nicolae_shop_waterfront, uniq_ijyb,
          uniq_robin, uniq_purgy
D:5:      layout_basic, lemuel_zombie_altar_yredelemnul, serial_shops,
          shop_statue, first_ration, minmay_misc_feat_cross, uniq_edmund,
          uniq_duvessa
D:6:      layout_gridville, basic_altar, lemuel_tele_altar
D:7:      layout_basic, kennysheep_mini, temple_hall
D:8:      layout_loops_ring, serial_undead, serial_undead_f, serial_undead_e,
          serial_undead_d, serial_undead_d, enter_ossuary_4, serial_shops,
          nicolae_shop_waterfront, grunt_pizzeria,
          eino_small_chamber_without_monster, minmay_tree_intersection
D:9:      layout_long_grid, chequers_temple_overflow_minitemple,
          lemuel_mausoleum_altar_kikubaaqudgha, tso_altar, serial_shops, shop,
          nicolae_shop_crystal, uniq_grum
D:10:     layout_long_grid, erik_lair_island, grunt_ministairs_7, uniq_urug
D:11:     layout_loops_corners, david_orc_5, uniq_snorg
Lair:1:   layout_layer_cave, uniq_joseph
Lair:2:   kb_forest_paths, layout_regular_city, shoals_dummy_entry,
          infiniplex_staircase_pool_2

Skill      XL: |  1  2  3  4  5  6  7  8  9 10 11 12 |
---------------+-------------------------------------+-----
Armour         | 4 5 6 7 |  7.7
Axes           | 3 4 5 6 8 9 12 13 14 15 | 15.2
Shields        | 4 5 6 7 8 9 10 | 10.2
Fighting       | 4 5 6 8 |  8.8
Dodging        | 1 2 3 4 5 6 |  6.0
Evocations     | 1 2 3 4 6 7 |  7.2
Stealth        | 1 2 3 4 |  4.5
Maces & Flails | |  0.5
Throwing       | |  0.1
Unarmed Combat | |  0.1

Action                   |  1- 3 |  4- 6 |  7- 9 | 10-12 || total
-------------------------+-------+-------+-------+-------++-------
Melee: War axe           |    72 |   142 |   333 |       ||   547
       Headbutt          |    10 |    23 |    75 |   153 ||   261
       Unarmed           |       |       |     4 |       ||     4
       Hand axe          |       |       |    30 |   552 ||   582
       Morningstar       |       |       |       |    15 ||    15
Throw: Boomerang         |       |       |       |     3 ||     3
Evoke: Wand              |       |       |     6 |    32 ||    38
  Use: Potion            |     3 |     1 |     1 |     2 ||     7
       Scroll            |       |       |    20 |     1 ||    21
 Stab: Sleeping          |       |       |     4 |    10 ||    14
       Paralysed         |       |       |     7 |     9 ||    16
       Confused          |       |       |       |     4 ||     4
  Eat: Chunk             |       |     9 |    12 |    18 ||    39
       Ration            |       |       |     1 |     1 ||     2
Armor: Scale mail        |    30 |    47 |       |       ||    77
       Plate armour      |       |     4 |    59 |       ||    63
       Acid dragon scale |       |       |    87 |   148 ||   235
Dodge: Dodged            |    21 |    42 |   117 |   154 ||   334
Block: Shield            |    37 |    81 |   165 |   258 ||   541
